| TOP OF THE 1ST |
|
South Bend Cubs batting - Pitching for Peoria Chiefs : RHP Tristan Johnson
|
|
Pitching: RHP Tristan Johnson
|
|
|
Batting: RHB Jason Ostrom
|
0-0: Ball 1-0: Ball 2-0: Called Strike 2-1: Ground out U3 (Groundball, 34, EV 86.2 MPH)
|
|
Batting: LHB Bill Tardiff
|
0-0: Ball 1-0: Foul Ball, location: 2F 1-1: Ball 2-1: Swinging Strike 2-2: Strikes out looking
|
|
Batting: RHB Mike Savage
|
0-0: Ball 1-0: Ball 2-0: Ball 3-0: Called Strike 3-1: Called Strike 3-2: Base on Balls
|
|
Batting: LHB Mike DiNardo
|
0-0: Called Strike Mike Savage steals 2nd base 0-1: Ground out 1-3 (Groundball, 34S, EV 75.6 MPH)
|
| Top of the 1st over - 0 runs, 0 hits, 0 errors, 1 left on base; South Bend 0 - Peoria 0 |
| BOTTOM OF THE 1ST |
|
Peoria Chiefs batting - Pitching for South Bend Cubs : LHP Jose Carrillo
|
|
Pitching: LHP Jose Carrillo
|
|
|
Batting: RHB Josh Martin
|
0-0: Fly out, F4 (Popup, 4, EV 77.5 MPH)
|
|
Batting: LHB Ichiro Toyota
|
0-0: Ball 1-0: Ball 2-0: Swinging Strike 2-1: Ball 3-1: Base on Balls
|
|
Batting: RHB Mark Cahill
|
0-0: Called Strike 0-1: Called Strike 0-2: Foul Ball, location: 2F 0-2: Reached on error, E6 (Groundball, 6, EV 84.4 MPH) Ichiro Toyota to second
|
|
Batting: RHB Justin Reich
|
0-0: Ball 1-0: Ball 2-0: Ball 3-0: Base on Balls Ichiro Toyota to third Mark Cahill to second
|
|
Batting: SHB Josh Conner
|
0-0: Ball 1-0: Ball 2-0: Ball 3-0: Base on Balls Ichiro Toyota scores Mark Cahill to third Justin Reich to second
|
|
Batting: LHB Billy Guzman
|
0-0: Ball 1-0: Ball 2-0: Foul Ball, location: 2F 2-1: Swinging Strike 2-2: Ball 3-2: Strikes out swinging
|
|
Batting: LHB Jay Fenderson
|
0-0: Ball 1-0: Ball 2-0: Reached on error, E6 (Groundball, 6, EV 105.6 MPH) Mark Cahill scores Justin Reich to third Josh Conner to second
|
|
Pitching: RHP Daniel Sullivan
|
|
|
Batting: RHB Chris Simmons
|
0-0: Foul Ball, location: 2F 0-1: DOUBLE (Flyball, 8LXD, EV 98.1 MPH) Justin Reich scores Josh Conner scores Jay Fenderson to third Runner from 3rd tries for Home, SAFE, no throw by CF
|
|
Batting: LHB Adam Eisen
|
0-0: Ball 1-0: Foul Ball, location: 2F 1-1: Swinging Strike Passed Ball! Chris Simmons to third 1-2: Ball 2-2: Strikes out swinging
|
| Bottom of the 1st over - 5 runs, 1 hit, 2 errors, 1 left on base; South Bend 0 - Peoria 5 |
| TOP OF THE 2ND |
|
South Bend Cubs batting - Pitching for Peoria Chiefs : RHP Tristan Johnson
|
|
Batting: LHB Shuan-yan Wu
|
0-0: Ball 1-0: Ball 2-0: Called Strike 2-1: Ball 3-1: Base on Balls
|
|
Batting: SHB Benoît Morin
|
0-0: Called Strike 0-1: Swinging Strike Passed Ball! Shuan-yan Wu to second 0-2: Ball Passed Ball! Shuan-yan Wu to third 1-2: Strikes out swinging
|
|
Batting: LHB Jim Polson
|
0-0: Called Strike 0-1: Swinging Strike 0-2: Strikes out swinging
|
|
Batting: RHB Omar Novoa
|
0-0: Swinging Strike 0-1: Ball Wild Pitch! Shuan-yan Wu scores 1-1: Foul Ball, location: 2F 1-2: Ground out 4-3 (Groundball, 4, EV 91.9 MPH)
|
| Top of the 2nd over - 1 run, 0 hits, 0 errors, 0 left on base; South Bend 1 - Peoria 5 |
| BOTTOM OF THE 2ND |
|
Peoria Chiefs batting - Pitching for South Bend Cubs : RHP Daniel Sullivan
|
|
Batting: RHB Josh Martin
|
0-0: Ball 1-0: Ball 2-0: Ball 3-0: Called Strike 3-1: Base on Balls
|
|
Batting: LHB Ichiro Toyota
|
0-0: Called Strike 0-1: Called Strike 0-2: Foul Ball, location: 2F 0-2: Ball 1-2: Foul Ball, location: 2F 1-2: Ball 2-2: Ball 3-2: Base on Balls Josh Martin to second
|
|
Pitching: LHP Andres Lobato
|
|
|
Batting: RHB Mark Cahill
|
0-0: Hit by Pitch Josh Martin to third Ichiro Toyota to second
|
|
Batting: RHB Justin Reich
|
0-0: Ball 1-0: Called Strike 1-1: Ball 2-1: Ball 3-1: SINGLE (Groundball, 56D, EV 96.2 MPH) Josh Martin scores Ichiro Toyota to third Mark Cahill to second Runner from 3rd tries for Home, SAFE, throw by LF to home
|
|
Batting: SHB Josh Conner
|
0-0: Ball 1-0: Called Strike 1-1: DOUBLE (Line Drive, 9LM, EV 91.9 MPH) Mark Cahill scores Justin Reich to third
|
|
Batting: LHB Billy Guzman
|
0-0: Ball 1-0: Called Strike 1-1: Foul Ball, location: 2F 1-2: Strikes out looking
|
|
Batting: LHB Jay Fenderson
|
0-0: Ground out U3 (Groundball, 3L, EV 102.5 MPH) Justin Reich scores Josh Conner to third
|
|
Batting: RHB Chris Simmons
|
0-0: Ball 1-0: Foul Ball, location: 2F 1-1: DOUBLE (Groundball, 5L, EV 94.4 MPH) Josh Conner scores
|
|
Batting: LHB Adam Eisen
|
0-0: Fly out, F9 (Flyball, 9LD, EV 93.1 MPH)
|
| Bottom of the 2nd over - 5 runs, 3 hits, 0 errors, 1 left on base; South Bend 1 - Peoria 10 |
| TOP OF THE 3RD |
|
South Bend Cubs batting - Pitching for Peoria Chiefs : RHP Tristan Johnson
|
|
Batting: SHB Alvaro Andrade
|
0-0: Ground out 6-3 (Groundball, 4M, EV 86.9 MPH)
|
|
Batting: RHB Jason Ostrom
|
0-0: Foul Ball, location: 2F 0-1: Ball 1-1: Ball 2-1: Swinging Strike 2-2: Hit by Pitch
|
|
Batting: LHB Bill Tardiff
|
0-0: Ball 1-0: Called Strike 1-1: Ball Wild Pitch! Jason Ostrom to second 2-1: Foul Ball, location: 2F 2-2: Strikes out swinging
|
|
Batting: RHB Mike Savage
|
0-0: Ball 1-0: Ball 2-0: Called Strike 2-1: Fly out, F9 (Line Drive, 9, EV 103.1 MPH)
|
| Top of the 3rd over - 0 runs, 0 hits, 0 errors, 1 left on base; South Bend 1 - Peoria 10 |
| BOTTOM OF THE 3RD |
|
Peoria Chiefs batting - Pitching for South Bend Cubs : LHP Andres Lobato
|
|
Pitching: RHP Eric Allen
|
|
|
Batting: RHB Josh Martin
|
0-0: Ball 1-0: Called Strike 1-1: Foul Ball, location: 2F 1-2: Foul Ball, location: 2F 1-2: Ball 2-2: Strikes out swinging
|
|
Batting: LHB Ichiro Toyota
|
0-0: Called Strike 0-1: Called Strike 0-2: Ball 1-2: Ball 2-2: Foul Ball, location: 2F 2-2: Ball 3-2: Base on Balls
|
|
Batting: RHB Mark Cahill
|
0-0: Ball 1-0: Ball 2-0: Ball 3-0: Called Strike 3-1: Base on Balls Ichiro Toyota to second
|
|
Batting: RHB Justin Reich
|
0-0: Ball 1-0: Called Strike 1-1: Foul Ball, location: 2F 1-2: SINGLE (Flyball, 56D, EV 90.6 MPH) Ichiro Toyota to third Mark Cahill to second
|
|
Batting: SHB Josh Conner
|
0-0: Called Strike 0-1: Fly out, F6 (Line Drive, 6, EV 68.8 MPH)
|
|
Batting: LHB Billy Guzman
|
0-0: Fly out, F8 (Flyball, 78D, EV 105.6 MPH)
|
| Bottom of the 3rd over - 0 runs, 1 hit, 0 errors, 3 left on base; South Bend 1 - Peoria 10 |
| TOP OF THE 4TH |
|
South Bend Cubs batting - Pitching for Peoria Chiefs : RHP Tristan Johnson
|
|
Batting: LHB Mike DiNardo
|
0-0: Called Strike 0-1: Ball 1-1: Fly out, F9 (Line Drive, 9, EV 96.2 MPH)
|
|
Batting: LHB Shuan-yan Wu
|
0-0: Swinging Strike 0-1: Ball 1-1: Foul Ball, location: 2F 1-2: Ball 2-2: Fly out, F7 (Flyball, 7LS, EV 73.1 MPH)
|
|
Batting: SHB Benoît Morin
|
0-0: Ground out 4-3 (Groundball, 4, EV 86.9 MPH)
|
| Top of the 4th over - 0 runs, 0 hits, 0 errors, 0 left on base; South Bend 1 - Peoria 10 |
| BOTTOM OF THE 4TH |
|
Peoria Chiefs batting - Pitching for South Bend Cubs : RHP Eric Allen
|
|
Batting: LHB Jay Fenderson
|
0-0: DOUBLE (Line Drive, 78M, EV 110.0 MPH)
|
|
Batting: RHB Chris Simmons
|
0-0: Foul Ball, location: 2F 0-1: Called Strike 0-2: Ball 1-2: Ground out 6-3 (Groundball, 4MS, EV 85.0 MPH) Jay Fenderson to third
|
|
Batting: LHB Adam Eisen
|
0-0: Called Strike 0-1: SINGLE (Groundball, 25, EV 68.8 MPH) (infield hit)
|
|
Batting: RHB Josh Martin
|
0-0: Ball 1-0: Ball 2-0: Ball 3-0: Called Strike 3-1: Base on Balls Adam Eisen to second
|
|
Batting: LHB Ichiro Toyota
|
0-0: Called Strike 0-1: Ball 1-1: Ball 2-1: Swinging Strike 2-2: Foul Ball, location: 2F 2-2: Foul Ball, location: 2F 2-2: Ball 3-2: Foul Ball, location: 2F 3-2: Base on Balls Jay Fenderson scores Adam Eisen to third Josh Martin to second
|
|
Pitching: LHP Andy Bordeaux
|
|
|
Batting: RHB Mark Cahill
|
0-0: Ball 1-0: Foul Ball, location: 2F Balk! Adam Eisen scores Josh Martin to third Ichiro Toyota to second 1-1: Ball Wild Pitch! Josh Martin scores Ichiro Toyota to third 2-1: Ball 3-1: Called Strike 3-2: Foul Ball, location: 2F 3-2: Base on Balls
|
|
Batting: RHB Justin Reich
|
0-0: Called Strike 0-1: Ball 1-1: Ball 2-1: Fly out, F8 (Line Drive, 8RM, EV 89.4 MPH)
|
|
Batting: SHB Josh Conner
|
0-0: Ball 1-0: Ball 2-0: Foul Ball, location: 2F 2-1: Ball 3-1: Called Strike 3-2: Foul Ball, location: 2F 3-2: Foul Ball, location: 2F 3-2: Foul Ball, location: 2F 3-2: Base on Balls Mark Cahill to second
|
|
Pitching: RHP John Madden
|
|
|
Batting: LHB Billy Guzman
|
0-0: Ball 1-0: Fielders Choice at 2nd, 6-4 (Groundball, 6, EV 81.9 MPH)
|
| Bottom of the 4th over - 3 runs, 2 hits, 0 errors, 3 left on base; South Bend 1 - Peoria 13 |
| TOP OF THE 5TH |
|
South Bend Cubs batting - Pitching for Peoria Chiefs : RHP Tristan Johnson
|
|
Batting: LHB Jim Polson
|
0-0: Called Strike 0-1: Ball 1-1: Ball 2-1: Ball 3-1: Called Strike 3-2: Strikes out swinging
|
|
Batting: RHB Omar Novoa
|
0-0: Ball 1-0: Swinging Strike 1-1: Ball 2-1: Ball 3-1: Foul Ball, location: 2F 3-2: Strikes out swinging
|
|
Batting: SHB Alvaro Andrade
|
0-0: Called Strike 0-1: Ball 1-1: Foul Ball, location: 2F 1-2: Strikes out swinging
|
| Top of the 5th over - 0 runs, 0 hits, 0 errors, 0 left on base; South Bend 1 - Peoria 13 |
| BOTTOM OF THE 5TH |
|
Peoria Chiefs batting - Pitching for South Bend Cubs : RHP John Madden
|
|
Batting: LHB Jay Fenderson
|
0-0: Ground out 5-3 (Groundball, 56S, EV 82.5 MPH)
|
|
Batting: RHB Chris Simmons
|
0-0: Ball 1-0: Foul Ball, location: 2F 1-1: Foul Ball, location: 2F 1-2: Foul Ball, location: 2F 1-2: Strikes out swinging
|
|
Batting: LHB Adam Eisen
|
0-0: Ball 1-0: Ball 2-0: Ball 3-0: Base on Balls
|
|
Batting: RHB Josh Martin
|
0-0: Ball 1-0: Foul Ball, location: 2F 1-1: Foul Ball, location: 2F 1-2: Strikes out looking
|
| Bottom of the 5th over - 0 runs, 0 hits, 0 errors, 1 left on base; South Bend 1 - Peoria 13 |
| TOP OF THE 6TH |
|
South Bend Cubs batting - Pitching for Peoria Chiefs : RHP Tristan Johnson
|
|
Batting: RHB Jason Ostrom
|
0-0: Ball 1-0: Called Strike 1-1: Ball 2-1: Called Strike 2-2: Ball 3-2: Ground out 3-1 (Groundball, 34, EV 78.8 MPH)
|
|
Batting: LHB Bill Tardiff
|
0-0: Fly out, F7 (Flyball, 7LM, EV 80.0 MPH)
|
|
Batting: RHB Mike Savage
|
0-0: Ball 1-0: Ball 2-0: Ball 3-0: Called Strike 3-1: Foul Ball, location: 2F 3-2: Base on Balls
|
|
Batting: LHB Mike DiNardo
|
0-0: Ball 1-0: Ball 2-0: Ball Passed Ball! Mike Savage to second 3-0: Swinging Strike 3-1: Foul Ball, location: 2F 3-2: Foul Ball, location: 2F 3-2: Foul Ball, location: 2F 3-2: Ground out U3 (Groundball, 3L, EV 88.8 MPH)
|
| Top of the 6th over - 0 runs, 0 hits, 0 errors, 1 left on base; South Bend 1 - Peoria 13 |
| BOTTOM OF THE 6TH |
|
Peoria Chiefs batting - Pitching for South Bend Cubs : RHP John Madden
|
|
Batting: LHB Ichiro Toyota
|
0-0: TRIPLE (Line Drive, 9LD, EV 101.9 MPH)
|
|
Batting: RHB Mark Cahill
|
0-0: Ball 1-0: Swinging Strike 1-1: Foul Ball, location: 2F 1-2: DOUBLE (Line Drive, 89D, EV 105.0 MPH) Ichiro Toyota scores
|
|
Pitching: RHP Jean-Paul Lefebvre
|
|
|
Batting: RHB Justin Reich
|
0-0: Ball 1-0: Ball 2-0: Ball 3-0: Called Strike 3-1: Foul Ball, location: 2F 3-2: Strikes out looking
|
|
Batting: SHB Josh Conner
|
0-0: Called Strike 0-1: Fly out, F7 (Flyball, 78D, EV 100.6 MPH)
|
|
Batting: LHB Billy Guzman
|
0-0: Foul Ball, location: 2F 0-1: Swinging Strike 0-2: Foul Ball, location: 2F 0-2: Ball 1-2: SINGLE (Line Drive, 56D, EV 102.5 MPH) Mark Cahill to third Runner from 3rd tries for Home, SAFE, throw by LF to home Billy Guzman to second
|
|
Batting: LHB Jay Fenderson
|
0-0: Ball Wild Pitch! Billy Guzman to third 1-0: Ball 2-0: Ground out 1-3 (Groundball, 34S, EV 70.6 MPH)
|
| Bottom of the 6th over - 2 runs, 3 hits, 0 errors, 1 left on base; South Bend 1 - Peoria 15 |
| TOP OF THE 7TH |
|
South Bend Cubs batting - Pitching for Peoria Chiefs : RHP Tristan Johnson
|
|
Pitching: RHP Eric Glad
|
|
|
Batting: LHB Shuan-yan Wu
|
0-0: Foul Ball, location: 2F 0-1: Reaches on Catchers interference
|
|
Batting: SHB Benoît Morin
|
0-0: Fly out, F8 (Line Drive, 8RD, EV 89.4 MPH)
|
|
Batting: LHB Jim Polson
|
0-0: Ball 1-0: Called Strike 1-1: Ball 2-1: Foul Ball, location: 2F 2-2: Strikes out looking
|
|
Batting: RHB Omar Novoa
|
0-0: Called Strike 0-1: Foul Ball, location: 2F 0-2: Ball 1-2: Foul Ball, location: 2F 1-2: Strikes out swinging
|
| Top of the 7th over - 0 runs, 0 hits, 1 error, 1 left on base; South Bend 1 - Peoria 15 |
| BOTTOM OF THE 7TH |
|
Peoria Chiefs batting - Pitching for South Bend Cubs : RHP Jean-Paul Lefebvre
|
|
Batting: RHB Chris Simmons
|
0-0: Ball 1-0: SINGLE (Groundball, 6MD, EV 96.9 MPH)
|
|
Pitching: RHP Jason Scott
|
|
|
Batting: LHB Adam Eisen
|
0-0: Ball 1-0: Foul Ball, location: 2F 1-1: Ball Passed Ball! Chris Simmons to second 2-1: Fly out, F8 (Flyball, 8RD, EV 106.9 MPH)
|
|
Batting: RHB Josh Martin
|
0-0: Called Strike 0-1: Foul Ball, location: 2F 0-2: Strikes out swinging
|
|
Batting: LHB Ichiro Toyota
|
0-0: Ball 1-0: Ball Wild Pitch! Chris Simmons to third 2-0: Called Strike 2-1: Foul Ball, location: 2F 2-2: Foul Ball, location: 2F 2-2: Reached via error on a dropped throw from 1B, E1 (Groundball, 34, EV 86.9 MPH) Chris Simmons scores
|
|
Batting: RHB Mark Cahill
|
0-0: Called Strike 0-1: Ball 1-1: Ball 2-1: Swinging Strike 2-2: Fielders Choice at 2nd, 6-4 (Groundball, 6, EV 106.9 MPH)
|
| Bottom of the 7th over - 1 run, 1 hit, 1 error, 1 left on base; South Bend 1 - Peoria 16 |
| TOP OF THE 8TH |
|
South Bend Cubs batting - Pitching for Peoria Chiefs : RHP Eric Glad
|
|
Batting: SHB Alvaro Andrade
|
0-0: Swinging Strike 0-1: Called Strike 0-2: Strikes out swinging
|
|
Batting: RHB Jason Ostrom
|
0-0: Foul Ball, location: 2F 0-1: Swinging Strike 0-2: Foul Ball, location: 2F 0-2: Strikes out swinging
|
|
Batting: LHB Bill Tardiff
|
0-0: Called Strike 0-1: Called Strike 0-2: Ball 1-2: Ball 2-2: SINGLE (Line Drive, 8LM, EV 88.8 MPH)
|
|
Batting: RHB Mike Savage
|
0-0: Fielders Choice at 2nd, 6-4 (Groundball, 6, EV 81.9 MPH)
|
| Top of the 8th over - 0 runs, 1 hit, 0 errors, 1 left on base; South Bend 1 - Peoria 16 |
| BOTTOM OF THE 8TH |
|
Peoria Chiefs batting - Pitching for South Bend Cubs : RHP Jason Scott
|
|
Pitching: RHP Gavrel Godziashvili
|
|
|
Batting: RHB Justin Reich
|
0-0: Called Strike 0-1: Fly out, F9 (Flyball, 9LM, EV 101.9 MPH)
|
|
Pinch Hitting: SHB Bobby O'Leary
|
0-0: Fly out, F7 (Flyball, 7, EV 90.0 MPH)
|
|
Batting: LHB Billy Guzman
|
0-0: Ball 1-0: Ball 2-0: Ball 3-0: Base on Balls
|
|
Batting: LHB Jay Fenderson
|
0-0: Foul Ball, location: 2F 0-1: Ball 1-1: Fielders Choice at 2nd, 6-4 (Groundball, 6, EV 82.5 MPH)
|
| Bottom of the 8th over - 0 runs, 0 hits, 0 errors, 1 left on base; South Bend 1 - Peoria 16 |
| TOP OF THE 9TH |
|
South Bend Cubs batting - Pitching for Peoria Chiefs : RHP Eric Glad
|
|
Now at 3B: Bobby O'Leary
|
|
|
Batting: LHB Mike DiNardo
|
0-0: Called Strike 0-1: Foul Ball, location: 2F 0-2: Fly out, F8 (Flyball, 8RM, EV 91.9 MPH)
|
|
Batting: LHB Shuan-yan Wu
|
0-0: Ground out 6-3 (Groundball, 6S, EV 73.8 MPH)
|
|
Batting: SHB Benoît Morin
|
0-0: Called Strike 0-1: Called Strike 0-2: Strikes out swinging
|
| Top of the 9th over - 0 runs, 0 hits, 0 errors, 0 left on base; South Bend 1 - Peoria 16 |
|